 Dungeon Crawl Stone Soup version 0.29-a0-25-g7f48f510a0 (webtiles) character file.

Game seed: 5619399229403182684

82 Bosse the Ruffian (level 4, -7/45 HPs)
             Began as a Troll Monk on Jan 31, 2022.
             Killed by divine providence
             ... invoked by an orc priest
              (12 damage)
             ... on level 3 of the Dungeon.
             The game lasted 00:07:09 (1791 turns).

Bosse the Ruffian (Troll Monk)                      Turns: 1791, Time: 00:07:10

Health: -7/45      AC:  5    Str: 25    XL:     4   Next: 21%
Magic:  3/3        EV: 10    Int:  6    God:
Gold:   103        SH:  0    Dex: 14    Spells: 3/3 levels left

rFire   . . .      SeeInvis .     - Unarmed
rCold   . . .      Faith    .   (no shield)
rNeg    . . .      Spirit   .   a - +1 robe
rPois   .          Reflect  .   (helmet restricted)
rElec   .          Harm     .   (no cloak)
rCorr   .          Rampage  .   (gloves unavailable)
Will    .....                   (boots unavailable)
Stlth   ++........              c - amulet of magic regeneration
HPRegen 0.95/turn               b - +6 ring of strength
MPRegen 0.48/turn               (no ring)

@: no status effects
A: large, unfitting armour, claws 3, regeneration 1, shaggy fur 1, tough skin 1
a: no special abilities


You were on level 3 of the Dungeon.
You visited 1 branch of the dungeon, and saw 3 of its levels.

You collected 103 gold pieces.

Inventory:

Armour
 a - a +1 robe (worn)
Jewellery
 b - a +6 ring of strength (left claw)
 c - an amulet of magic regeneration (around neck)
Scrolls
 d - a scroll of fog
 g - a scroll of blinking {unknown}
Potions
 e - a potion of resistance {unknown}
 f - a potion of mutation {unknown}
 h - a potion of curing {unknown}


   Skills:
 + Level 3.0 Fighting
 * Level 2.9 Dodging
 + Level 1.1 Stealth
 * Level 3.9 Unarmed Combat


You had 3 spell levels left.
You didn't know any spells.
Your spell library contained the following spells:

 Spells                   Type           Power      Damage    Failure   Level
 Magic Dart               Conj           0%         1d3       45%         1
 Call Imp                 Summ           0%         N/A       58%         2
 Corpse Rot               Necr/Air       0%         N/A       58%         2
 Conjure Flame            Conj/Fire      0%         6-21      83%         3
 Ignite Poison            Fire/Tmut/Pois 0%         N/A       83%         3
 Mephitic Cloud           Conj/Pois/Air  0%         N/A       83%         3
 Dispel Undead            Necr           0%         3d6       99%         4
 Sticky Flame             Conj/Fire      0%         2d3       99%         4
 Death Channel            Necr           0%         N/A       100%        6


Dungeon Overview and Level Annotations

Branches:
Dungeon (3/15)

Altars:
Fedhas
Nemelex Xobeh
Okawaru
Xom
Zin


Innate Abilities, Weirdness & Mutations

You are too large for most types of armour.
You have claws for hands.
Your natural rate of healing is unusually fast.
You are covered in fur. (AC +1)
You have tough skin. (AC +1)


Message History

The orc priest hits you but does no damage.
The orc priest hits you with a +0 hand axe.
The orc hits you with a +0 club.
You closely miss the orc priest.
The orc priest hits you with a +0 short sword.
* * * LOW HITPOINT WARNING * * *
The orc priest miscasts a cantrip.
The orc priest closely misses you.
You barely miss the orc priest. The orc completely misses you.
The orc priest hits you with a +0 short sword.
* * * LOW HITPOINT WARNING * * *
The orc priest barely misses you.
The orc priest hits you with a +0 hand axe.
* * * LOW HITPOINT WARNING * * *
You scratch the orc priest.
The orc priest is moderately wounded.
The orc hits you but does no damage. The orc priest barely misses you.
The orc priest hits you but does no damage.
The orc priest hits you with a +0 hand axe.
* * * LOW HITPOINT WARNING * * *
You completely miss the orc priest.
The orc priest is moderately wounded.
The orc hits you but does no damage.
The orc priest hits you with a +0 short sword.
* * * LOW HITPOINT WARNING * * *
The orc priest hits you with a +0 hand axe.
* * * LOW HITPOINT WARNING * * *
The orc priest barely misses you.
Unknown command.
You closely miss the orc priest.
The orc priest is moderately wounded.
The orc misses you. The orc priest closely misses you.
The orc priest hits you but does no damage.
The orc priest barely misses you.
The orc priest looks encouraged for a moment.
The orc priest jeers noisily, as Orcs often do.
The orc priest casts a cantrip, but nothing happens.
The orc priest mumbles some strange prayers to Beogh against you.
Beogh smites you!
You die...

.. #.# .# ...
#.#######.# ..
#.........#
##.###..###..###
#............#
#.###ooo###..#
.. #.o.#...##
#.##o##.#.#
#...@...#.#
#.####.####.#
#...........##
#..####.####..#
#.......#..#
#.##.##.#..# ..
#...#....#
#.###._.###..# #
#............# #


You could see 3 orc priests and 2 orcs.

Vanquished Creatures
  An adder (D:2)
  An adder skeleton (D:2)
  3 worms (D:2)
  3 dart slugs
  3 orcs (D:3)
  2 ball pythons
  3 endoplasms
  6 goblins
  7 hobgoblins
  7 jackals
  A quokka (D:1)
  3 bats (D:2)
  3 frilled lizards
  2 kobolds
  2 rats
47 creatures vanquished.

Notes
Turn   | Place    | Note
-------+----------+-------------------------------------------
     0 | D:1      | Bosse the Troll Monk began the quest for the Orb.
     0 | D:1      | Reached XP level 1. HP: 22/22 MP: 0/0
   228 | D:1      | Reached XP level 2. HP: 29/29 MP: 1/1
   774 | D:2      | Found a glowing silver altar of Zin.
   812 | D:2      | Reached XP level 3. HP: 33/36 MP: 2/2
  1235 | D:3      | Found a blossoming altar of Fedhas.
  1322 | D:3      | Reached XP level 4. HP: 45/45 MP: 3/3
  1408 | D:3      | Found a faded altar of an unknown god.
  1413 | D:3      | Prayed at the altar of an unknown god.
  1413 | D:3      | Became a worshipper of Warmaster Okawaru
  1413 | D:3      | Reached * piety under Okawaru
  1413 | D:3      | Reached ** piety under Okawaru
  1514 | D:3      | Fell from the grace of Okawaru
  1740 | D:3      | Found a sparkling altar of Nemelex Xobeh.
  1749 | D:3      | Found a shimmering altar of Xom.
  1787 | D:3      | HP: 2/45 [orc priest (4)]
  1791 | D:3      | Killed from afar by an orc priest

Illustrated notes

Levels and vault maps discovered:
D:1:      psy_arrival_radial01, layout_basic
D:2:      layout_basic, basic_altar
D:3:      layout_loops_corners, mainiacjoe_overflow_large_starburst,
          mainiacjoe_overflow_24_doors, shapermc_ecumenical_altar_petra,
          minmay_goblin_outpost

Skill      XL: |  1  2  3 |
---------------+----------+-----
Fighting       | 3 |  3.0
Dodging        | |  2.9
Stealth        | |  1.1
Unarmed Combat | |  3.9

Action                   |  1- 3 |  4- 6 || total
-------------------------+-------+-------++-------
Melee: Unarmed           |    81 |    31 ||   112
       Punch             |     2 |     1 ||     3
Invok: Renounce Religion |       |     1 ||     1
  Use: Scroll            |     2 |     1 ||     3
 Stab: Sleeping          |     2 |       ||     2
       Distracted        |       |     1 ||     1
Armor: Robe              |    25 |    17 ||    42
Dodge: Dodged            |    47 |    16 ||    63

Table legend: (Time is in decaauts)
 A = Elapsed time spent in this place.
 B = Non-inter-level travel time spent in this place.
 C = Inter-level travel time spent in this place.
 D = Time resting spent in this place.
 E = Time spent auto-exploring this place.
 F = Levels seen in this place.
 G = Mean time per level.
                   A        B        C        D        E       F      G
               +--------+--------+--------+--------+--------+-----+--------+
         Total |   1782 |   1759 |     23 |    200 |   1217 |   3 |  594.0 |
       Dungeon |   1782 |   1759 |     23 |    200 |   1217 |   3 |  594.0 |
               +--------+--------+--------+--------+--------+-----+--------+

Top non-repeatable levels by time:
     D:1: 695 daAuts
     D:3: 563 daAuts
     D:2: 523 daAuts
